%YAML 1.1
%TAG !u! tag:unity3d.com,2011:
--- !u!1 &480685116824718801
GameObject:
  m_ObjectHideFlags: 0
  m_CorrespondingSourceObject: {fileID: 0}
  m_PrefabInstance: {fileID: 0}
  m_PrefabAsset: {fileID: 0}
  serializedVersion: 6
  m_Component:
  - component: {fileID: 2305059621160870192}
  - component: {fileID: 1943183089709075763}
  - component: {fileID: 8471468723862283784}
  - component: {fileID: 6342952998922718314}
  - component: {fileID: 352550069079191503}
  m_Layer: 0
  m_Name: balaTurrets
  m_TagString: Untagged
  m_Icon: {fileID: 0}
  m_NavMeshLayer: 0
  m_StaticEditorFlags: 0
  m_IsActive: 1
--- !u!4 &2305059621160870192
Transform:
  m_ObjectHideFlags: 0
  m_CorrespondingSourceObject: {fileID: 0}
  m_PrefabInstance: {fileID: 0}
  m_PrefabAsset: {fileID: 0}
  m_GameObject: {fileID: 480685116824718801}
  m_LocalRotation: {x: 0, y: 0, z: 1, w: 0}
  m_LocalPosition: {x: 1.98, y: 0.18, z: 0}
  m_LocalScale: {x: 0.5, y: 0.5, z: 1}
  m_ConstrainProportionsScale: 0
  m_Children: []
  m_Father: {fileID: 0}
  m_RootOrder: 0
  m_LocalEulerAnglesHint: {x: 0, y: 0, z: 180}
--- !u!212 &1943183089709075763
SpriteRenderer:
  m_ObjectHideFlags: 0
  m_CorrespondingSourceObject: {fileID: 0}
  m_PrefabInstance: {fileID: 0}
  m_PrefabAsset: {fileID: 0}
  m_GameObject: {fileID: 480685116824718801}
  m_Enabled: 1
  m_CastShadows: 0
  m_ReceiveShadows: 0
  m_DynamicOccludee: 1
  m_StaticShadowCaster: 0
  m_MotionVectors: 1
  m_LightProbeUsage: 1
  m_ReflectionProbeUsage: 1
  m_RayTracingMode: 0
  m_RayTraceProcedural: 0
  m_RenderingLayerMask: 1
  m_RendererPriority: 0
  m_Materials:
  - {fileID: 10754, guid: 0000000000000000f000000000000000, type: 0}
  m_StaticBatchInfo:
    firstSubMesh: 0
    subMeshCount: 0
  m_StaticBatchRoot: {fileID: 0}
  m_ProbeAnchor: {fileID: 0}
  m_LightProbeVolumeOverride: {fileID: 0}
  m_ScaleInLightmap: 1
  m_ReceiveGI: 1
  m_PreserveUVs: 0
  m_IgnoreNormalsForChartDetection: 0
  m_ImportantGI: 0
  m_StitchLightmapSeams: 1
  m_SelectedEditorRenderState: 0
  m_MinimumChartSize: 4
  m_AutoUVMaxDistance: 0.5
  m_AutoUVMaxAngle: 89
  m_LightmapParameters: {fileID: 0}
  m_SortingLayerID: -204212655
  m_SortingLayer: 3
  m_SortingOrder: 0
  m_Sprite: {fileID: 21300000, guid: a096e64e19eb1db48a34c40843e26d7f, type: 3}
  m_Color: {r: 1, g: 1, b: 1, a: 1}
  m_FlipX: 0
  m_FlipY: 0
  m_DrawMode: 0
  m_Size: {x: 7.09, y: 3.52}
  m_AdaptiveModeThreshold: 0.5
  m_SpriteTileMode: 0
  m_WasSpriteAssigned: 1
  m_MaskInteraction: 0
  m_SpriteSortPoint: 0
--- !u!50 &8471468723862283784
Rigidbody2D:
  serializedVersion: 4
  m_ObjectHideFlags: 0
  m_CorrespondingSourceObject: {fileID: 0}
  m_PrefabInstance: {fileID: 0}
  m_PrefabAsset: {fileID: 0}
  m_GameObject: {fileID: 480685116824718801}
  m_BodyType: 0
  m_Simulated: 1
  m_UseFullKinematicContacts: 0
  m_UseAutoMass: 0
  m_Mass: 1
  m_LinearDrag: 0
  m_AngularDrag: 0.05
  m_GravityScale: 0
  m_Material: {fileID: 0}
  m_Interpolate: 0
  m_SleepingMode: 1
  m_CollisionDetection: 0
  m_Constraints: 0
--- !u!114 &6342952998922718314
MonoBehaviour:
  m_ObjectHideFlags: 0
  m_CorrespondingSourceObject: {fileID: 0}
  m_PrefabInstance: {fileID: 0}
  m_PrefabAsset: {fileID: 0}
  m_GameObject: {fileID: 480685116824718801}
  m_Enabled: 1
  m_EditorHideFlags: 0
  m_Script: {fileID: 11500000, guid: bcaa0784bc359844ab8aea5c31b1adc4, type: 3}
  m_Name: 
  m_EditorClassIdentifier: 
  speed: 15
--- !u!60 &352550069079191503
PolygonCollider2D:
  m_ObjectHideFlags: 0
  m_CorrespondingSourceObject: {fileID: 0}
  m_PrefabInstance: {fileID: 0}
  m_PrefabAsset: {fileID: 0}
  m_GameObject: {fileID: 480685116824718801}
  m_Enabled: 1
  m_Density: 1
  m_Material: {fileID: 0}
  m_IsTrigger: 1
  m_UsedByEffector: 0
  m_UsedByComposite: 0
  m_Offset: {x: 0, y: 0}
  m_SpriteTilingProperty:
    border: {x: 0, y: 0, z: 0, w: 0}
    pivot: {x: 0.5, y: 0.5}
    oldSize: {x: 7.09, y: 3.52}
    newSize: {x: 7.09, y: 3.52}
    adaptiveTilingThreshold: 0.5
    drawMode: 0
    adaptiveTiling: 0
  m_AutoTiling: 0
  m_Points:
    m_Paths:
    - - {x: 0.73499995, y: -0.21}
      - {x: 0.805, y: -0.19}
      - {x: 0.815, y: -0.17999999}
      - {x: 1.155, y: -0.19999999}
      - {x: 1.3149999, y: -0.16}
      - {x: 1.475, y: -0.14}
      - {x: 1.5949999, y: -0.099999994}
      - {x: 1.925, y: -0.03}
      - {x: 2.0049999, y: 0.049999997}
      - {x: 2.0049999, y: 0.089999996}
      - {x: 1.905, y: 0.14}
      - {x: 1.435, y: 0.24}
      - {x: 1.035, y: 0.29}
      - {x: 0.84499997, y: 0.31}
      - {x: 0.755, y: 0.34}
      - {x: 0.655, y: 0.35999998}
      - {x: -0.074999996, y: 0.35999998}
      - {x: -0.305, y: 0.34}
      - {x: -0.39499998, y: 0.29}
      - {x: -0.545, y: 0.26999998}
      - {x: -0.805, y: 0.26}
      - {x: -1.245, y: 0.24}
      - {x: -1.5849999, y: 0.21}
      - {x: -1.805, y: 0.17999999}
      - {x: -2.135, y: 0.13}
      - {x: -2.195, y: 0.11}
      - {x: -2.225, y: 0.07}
      - {x: -2.225, y: 0.04}
      - {x: -2.155, y: -0.01}
      - {x: -1.925, y: -0.06}
      - {x: -1.665, y: -0.089999996}
      - {x: -1.415, y: -0.11}
      - {x: -1.135, y: -0.12}
      - {x: -0.695, y: -0.13}
      - {x: -0.465, y: -0.14}
      - {x: -0.355, y: -0.14}
      - {x: -0.145, y: -0.17}
      - {x: -0.074999996, y: -0.19999999}
      - {x: 0.145, y: -0.17999999}
      - {x: 0.114999995, y: -0.25}
      - {x: 0.155, y: -0.26}
      - {x: 0.235, y: -0.26}
      - {x: 0.375, y: -0.22}
      - {x: 0.415, y: -0.19999999}
      - {x: 0.545, y: -0.22}
